 Dungeon Crawl Stone Soup version 0.23.0-3-gf3c87f2 (webtiles) character file.

Game seed: 11004824203700332007

4692 poirepourri the Severer (level 10, -7/83 HPs)
             Began as a Minotaur Fighter on Feb 23, 2019.
             Was an Elder of Okawaru.
             Mangled by a freezing wraith (9 damage)
             ... while paralysed
             ... on level 2 of the Abyss.
             The game lasted 00:07:05 (5764 turns).

poirepourri the Severer (Minotaur Fighter)          Turns: 5764, Time: 00:07:06

Health: -7/83      AC:  6    Str: 21    XL:     10   Next: 21%
Magic:  9/9        EV:  2    Int:  5    God:    Okawaru [****..]
Gold:   436        SH:  0    Dex: 13    Spells: 9/9 levels left

rFire    + . .     SeeInvis +   a - +0 war axe
rCold    x . .     Gourm    .   c - +1 shield
rNeg     . . .     Faith    .   q - +0 scale mail
rPois    .         Spirit   .   (helmet restricted)
rElec    .         Reflect  .   (no cloak)
rCorr    .         Harm     .   (no gloves)
MR       .....                  (no boots)
Stlth    ..........             p - amulet of the acrobat
HPRegen  0.00/turn              g - ring of see invisible
MPRegen  0.11/turn              v - ring of fire

@: paralysed, berserk cooldown, starving, non-regenerating, diseased, slowed
A: retaliatory headbutt, horns 2
a: Heroism, Renounce Religion


You were on level 2 of the Abyss.
You worshipped Okawaru.
Okawaru was greatly pleased with you.
You were starving.

You visited 2 branches of the dungeon, and saw 9 of its levels.
You visited the Abyss 1 time.

You collected 436 gold pieces.

Inventory:

Hand Weapons
 a - a +0 war axe (weapon)
 b - a +1 flail of crushing
 x - a +0 hand crossbow
Missiles
 t - 2 javelins (quivered)
Armour
 c - a +1 shield (worn)
 q - a +0 scale mail (worn)
Jewellery
 g - a ring of see invisible (left hand)
 i - an uncursed ring of ice {unknown}
 l - a +5 ring of intelligence
 p - an amulet of the acrobat (around neck)
 v - a ring of fire (right hand)
 y - an uncursed ring of flight
Wands
 r - a wand of scattershot (6)
 s - a wand of disintegration (15)
 u - a wand of iceblast (10)
 w - a wand of polymorph (12)
Scrolls
 d - 2 scrolls of teleportation
 k - 2 scrolls of remove curse
Potions
 h - a potion of ambrosia
 j - a potion of mutation
 m - a potion of magic
 n - a potion of brilliance
 z - a potion of curing {unknown}
 B - 2 potions of cancellation
Comestibles
 f - 8 rations


   Skills:
 + Level 5.9 Fighting
 - Level 16.2 Axes
 - Level 3.6 Armour
 - Level 3.6 Shields


You had 9 spell levels left.
You didn't know any spells.
Your spell library contained the following spells:

 Spells                   Type           Power        Failure   Level  Hunger
 Corona                   Hex            #......      99%         1    ##.....
 Ensorcelled Hibernation  Hex/Ice        #.....       100%        2    ###....
 Confuse                  Hex            #.......     100%        3    ####...
 Dazzling Spray           Conj/Hex       #.....       100%        3    ####...
 Tukima's Dance           Hex            #.......     100%        3    ####...


Dungeon Overview and Level Annotations

Branches:
Dungeon (8/15)             Temple (1/1) D:4
   Lair: D:8-11

Altars:
Ashenzari
Cheibriados
Dithmenos
Elyvilon
Fedhas
Gozag
Hepliaklqana
Kikubaaqudgha
Makhleb
Nemelex Xobeh
Okawaru
Qazlal
Ru
Sif Muna
Trog
Uskayaw
Vehumet
Wu Jian
Xom
Yredelemnul
Zin
The Shining One

Annotations:
D:8 Psyche


Innate Abilities, Weirdness & Mutations

You reflexively headbutt those who attack you in melee.
You have a pair of horns on your head.


Message History

The freezing wraith hits you but does no damage.
You block the freezing wraith's attack.
Unknown command.
Unknown command.
You hit the freezing wraith but do no damage.
The freezing wraith is lightly damaged.
Unknown command.
You are too berserk!
You closely miss the freezing wraith. You headbutt the freezing wraith.
The freezing wraith is moderately damaged.
You are no longer berserk.
You pass out from exhaustion.
You feel yourself slow down.
The freezing wraith hits you but does no damage.
The freezing wraith hits you!
* * * LOW HITPOINT WARNING * * *
The freezing wraith drains your vigour!
You feel as though you will be slow longer.
The freezing wraith hits you!
You die...

. # . ##
###
.##..
##..####
#
#.W#...#
#@.#
#.## .
####.# #
#.##.#.#
. # #
##.....#
.# .# #
.##.###
. .#
####. .
# # ♣ ..
. ..##
##. ..
.#. .#
#..


You could see a freezing wraith.

Vanquished Creatures
  Harold (D:7)
  A worldbinder (Abyss:2)
  A shock serpent zombie (Abyss:2)
  An ancient zyme (Abyss:2)
  Prince Ribbit (D:7)
  Sigmund (D:3)
  A hungry ghost (Abyss:2)
  Edmund (D:6)
  A sky beast (D:5)
  An ice beast (D:6)
  2 ogres
  5 centaurs
  4 bullfrogs
  A scorpion (D:5)
  4 wights (D:7)
  3 crimson imps
  2 howler monkeys (D:7)
  4 hounds
  A bullfrog skeleton (D:7)
  3 orc priests
  A jelly (D:7)
  2 centaur skeletons
  9 orc wizards
  7 worker ants
  A hound skeleton (D:5)
  A worker ant zombie (D:6)
  7 adders
  A howler monkey skeleton (D:6)
  A shadow imp (D:6)
  6 oozes
  An adder skeleton (D:7)
  5 worms
  7 dart slugs
  9 leopard geckos
  24 orcs
  6 bats
  5 giant cockroaches
  5 hobgoblins
  16 jackals
  7 kobolds
  6 quokkas
  2 ball pythons
  6 frilled lizards
  5 goblins
  2 leopard gecko skeletons
  7 rats
188 creatures vanquished.

Vanquished Creatures (collateral kills)
  A crimson imp (D:6)
1 creature vanquished.

Vanquished Creatures (others)
  4 toadstools (D:5)
4 creatures vanquished.

Grand Total: 193 creatures vanquished

Notes
Turn   | Place    | Note
-------+----------+-------------------------------------------
     0 | D:1      | poirepourri the Minotaur Fighter began the quest for the
                  | Orb.
     0 | D:1      | Reached XP level 1. HP: 19/19 MP: 0/0
    54 | D:1      | Reached skill level 3 in Axes
    54 | D:1      | Reached XP level 2. HP: 25/26 MP: 1/1
   289 | D:1      | Reached skill level 4 in Axes
   324 | D:1      | Reached XP level 3. HP: 31/31 MP: 2/2
   756 | D:2      | Reached skill level 5 in Axes
   876 | D:2      | Reached XP level 4. HP: 38/39 MP: 3/3
  1022 | D:2      | Reached skill level 6 in Axes
  1379 | D:3      | Reached XP level 5. HP: 40/45 MP: 4/4
  1602 | D:3      | Noticed a centaur
  1610 | D:3      | Killed a centaur
  1610 | D:3      | Reached skill level 7 in Axes
  1631 | D:3      | Noticed Sigmund
  1645 | D:3      | Killed Sigmund
  1645 | D:3      | Reached skill level 8 in Axes
  1645 | D:3      | Reached XP level 6. HP: 40/51 MP: 5/5
  1971 | D:4      | Found an opulent altar of Gozag.
  2052 | D:4      | Reached skill level 9 in Axes
  2165 | D:4      | Reached XP level 7. HP: 51/57 MP: 6/6
  2342 | D:4      | Found a staircase to the Ecumenical Temple.
  2485 | Temple   | Entered the Ecumenical Temple
  2754 | Temple   | Became a worshipper of Warmaster Okawaru
  2932 | D:4      | Reached skill level 10 in Axes
  3038 | D:5      | Entered Level 5 of the Dungeon
  3247 | D:5      | Reached skill level 11 in Axes
  3280 | D:5      | Reached XP level 8. HP: 41/64 MP: 7/7
  3411 | D:5      | Reached * piety under Okawaru
  3821 | D:6      | Reached skill level 12 in Axes
  3948 | D:6      | Found a sparkling altar of Nemelex Xobeh.
  3963 | D:6      | Reached skill level 13 in Axes
  3967 | D:6      | Found a white marble altar of Elyvilon.
  3967 | D:6      | Found a shimmering altar of Xom.
  3969 | D:6      | Found a snail-covered altar of Cheibriados.
  3969 | D:6      | Found a sparkling altar of Nemelex Xobeh.
  3969 | D:6      | Found a radiant altar of Vehumet.
  4102 | D:6      | Reached ** piety under Okawaru
  4106 | D:6      | Noticed Edmund
  4123 | D:6      | Killed Edmund
  4268 | D:6      | Reached XP level 9. HP: 70/70 MP: 8/8
  4748 | D:7      | Reached skill level 14 in Axes
  4756 | D:7      | Noticed Harold
  4773 | D:7      | Killed Harold
  4773 | D:7      | Reached *** piety under Okawaru
  4773 | D:7      | Reached skill level 15 in Axes
  4779 | D:7      | Reached **** piety under Okawaru
  5307 | D:7      | Noticed Prince Ribbit
  5324 | D:7      | Killed Prince Ribbit
  5522 | D:8      | Noticed Psyche
  5526 | D:8      | Cast into level 2 of the Abyss (Psyche)
  5546 | Abyss:2  | Noticed a worldbinder
  5550 | Abyss:2  | Noticed a yaktaur
  5554 | Abyss:2  | Noticed a yaktaur
  5555 | Abyss:2  | Noticed an ironheart preserver
  5555 | Abyss:2  | Noticed a vault sentinel
  5563 | Abyss:2  | Noticed an ironheart preserver
  5563 | Abyss:2  | Noticed a yaktaur
  5563 | Abyss:2  | Noticed a yaktaur
  5564 | Abyss:2  | Killed a worldbinder
  5564 | Abyss:2  | Reached skill level 16 in Axes
  5564 | Abyss:2  | Reached XP level 10. HP: 33/77 MP: 9/9
  5647 | Abyss:2  | Noticed a tentacled starspawn
  5747 | Abyss:2  | Reached skill level 5 in Fighting
  5763 | Abyss:2  | HP: 2/83 [freezing wraith (9)]
  5764 | Abyss:2  | Mangled by a freezing wraith

Skill      XL: |  1  2  3  4  5  6  7  8  9 10 |
---------------+-------------------------------+-----
Axes           | 3 4 5 6 8 9 11 13 16 | 16.2
Fighting       | 5 |  5.9
Armour         | |  3.6
Shields        | |  3.6

Action                   |  1- 3 |  4- 6 |  7- 9 | 10-12 || total
-------------------------+-------+-------+-------+-------++-------
Melee: War axe           |    83 |   132 |   283 |    31 ||   529
       Headbutt          |     8 |    22 |    54 |    10 ||    94
       Unarmed           |       |       |    23 |       ||    23
  Use: Scroll            |     6 |     3 |     9 |       ||    18
       Potion            |       |     2 |     5 |     1 ||     8
  Eat: Ration            |       |     1 |     3 |       ||     4
       Chunk             |       |       |     2 |       ||     2
Armor: Scale mail        |    32 |    30 |    53 |     8 ||   123
       Skin              |       |       |     3 |       ||     3
Dodge: Dodged            |    22 |    41 |    76 |     3 ||   142
Block: Shield            |    36 |    75 |   120 |     6 ||   237
